 Dungeon Crawl Stone Soup version 0.21-a0-200-gb89f83b (webtiles) character file.

118923 Helio the Imperceptible (level 16, -2/84 HPs)
             Began as a Spriggan Enchanter on Aug 16, 2017.
             Was the Champion of Dithmenos.
             Slain by a deep troll earth mage (19 damage)
             ... on level 1 of the Depths.
             The game lasted 01:41:13 (37160 turns).

Helio the Imperceptible (Spriggan Enchanter)       Turns: 37160, Time: 01:41:14

Health: -2/84      AC:  7    Str:  8    XL:     16   Next: 26%
Magic:  23/35      EV: 31    Int: 27    God:    Dithmenos [******]
Gold:   2194       SH:  0    Dex: 17    Spells: 29/43 levels left

rFire    . . .     SeeInvis +   w - +4 quick blade
rCold    . . .     Gourm    .   (shield restricted)
rNeg     + . .     Faith    .   b - +1 robe
rPois    .         Spirit   .   G - +2 hat
rElec    .         Reflect  .   D - +1 cloak
rCorr    .         Harm     .   (gloves unavailable)
MR       +++++     Clarity  +   (boots unavailable)
Stlth    ++++++++++             X - amulet of the Four Winds {rN+ MR+++ Clar}
HPRegen  0.24/turn              v - +5 ring of intelligence
MPRegen  0.24/turn              g - +3 ring of intelligence

@: wreathed by umbra, very quick
A: unfitting armour, see invisible, herbivore 3, speed 3, slow metabolism 2
a: Shadow Step, Shadow Form, Renounce Religion


You were on level 1 of the Depths.
You worshipped Dithmenos.
Dithmenos was exalted by your worship.
You were not hungry.

You visited 6 branches of the dungeon, and saw 26 of its levels.

You collected 2801 gold pieces.
You spent 607 gold pieces at shops.

Inventory:

Hand Weapons
 w - a +4 quick blade (weapon)
 F - a +5 dagger of venom
 R - a +2 dagger of freezing
Missiles
 O - a throwing net (quivered)
Armour
 b - a +1 robe (worn)
 D - a +1 cloak (worn)
 G - a +2 hat (worn)
 Q - a +1 buckler of reflection
Jewellery
 g - a +3 ring of intelligence (right hand)
 m - an uncursed ring of protection from fire
 v - a +5 ring of intelligence (left hand)
 C - an uncursed ring of magical power
 M - an uncursed ring of wizardry
 T - an uncursed ring of positive energy
 X - the amulet of the Four Winds (around neck) {rN+ MR+++ Clar}
   (You found it on level 1 of the Lair of Beasts)

   [amulet of nothing]

   It protects you from negative energy.
   It affects your resistance to hostile enchantments.
   It protects you against confusion.
 Z - an uncursed ring of poison resistance
Wands
 a - a wand of iceblast (9/15)
 r - a wand of acid (4/15)
 t - a wand of acid (8/15)
 E - a wand of digging (6/24)
 H - a wand of enslavement (12/24)
 L - a wand of digging (10/24)
 P - a wand of iceblast (4/15)
 V - a wand of confusion (20/48)
 W - a wand of enslavement (16/24)
Scrolls
 c - 5 scrolls of fear
 f - 6 scrolls of fog
 i - 4 scrolls of identify
 n - 8 scrolls of remove curse
 s - 2 scrolls of magic mapping
 y - 8 scrolls of teleportation
 B - 8 scrolls of recharging
 I - a scroll of blinking
 U - a scroll of silence
Potions
 e - 3 potions of might
 h - 11 potions of curing
 j - 4 potions of brilliance
 k - a potion of mutation
 l - 2 potions of haste
 o - 5 potions of heal wounds
 p - 3 potions of agility
 q - 2 potions of berserk rage
 u - 4 potions of flight
 x - 4 potions of magic
 z - a potion of cancellation
 J - a potion of invisibility
 K - a potion of ambrosia
 S - 3 potions of lignification
Miscellaneous
 A - a phantom mirror
 N - a lightning rod (4/4)
Comestibles
 d - 18 bread rations
 Y - a royal jelly


   Skills:
 + Level 9.7 Fighting
 + Level 12.4 Short Blades
 + Level 15.1 Dodging
 + Level 21.5 Stealth
 + Level 14.1 Spellcasting
 + Level 14.4 Hexes


You had 29 spell levels left.
You knew the following spells:

 Your Spells              Type           Power        Failure   Level  Hunger
a - Ensorcelled Hibernat  Hex/Ice        ######       1%          2    None
b - Corona                Hex            #######      0%          1    None
c - Confuse               Hex            #######.     1%          3    None
d - Tukima's Dance        Hex            #######.     1%          3    None
e - Dazzling Spray        Conj/Hex       ######       1%          3    None
f - Passwall              Tmut/Erth      ###.......   4%          2    None


Dungeon Overview and Level Annotations

Branches:
Dungeon (15/15)            Temple (1/1) D:6            Lair (6/6) D:9
  Swamp (0/4) Lair:4        Snake (0/4) Lair:3        Slime (0/5) Lair:6
    Orc (2/2) D:11            Elf (1/3) Orc:2        Vaults (0/5) D:14
 Depths (1/5) D:15

Altars:
Ashenzari
Cheibriados
Dithmenos
Elyvilon
Fedhas
Gozag
Hepliaklqana
Kikubaaqudgha
Makhleb
Nemelex Xobeh
Okawaru
Qazlal
Ru
Sif Muna
Trog
Uskayaw
Vehumet
Wu Jian
Xom
Yredelemnul
Zin
The Shining One
Beogh

Shops:
D:12 }   D:13 [   Orc:2 %%*[*

Portals:
Hell: Depths:1
Pandemonium: Depths:1


Innate Abilities, Weirdness & Mutations

You are very small and have problems with some larger weapons.
You are too small for most types of armour.
You have supernaturally acute eyesight. (SInv)
You are a herbivore.
You cover ground extremely quickly.
You need consume almost no food.


Message History

The deep troll earth mage claws you!
The deep troll earth mage completely misses you.
The deep troll earth mage closely misses you.
The deep troll earth mage completely misses you.
The deep troll earth mage barely misses the deep troll shaman.
The deep troll earth mage closely misses the deep troll shaman. x2
Casting: Confuse
Confirm with . or Enter, or press ? or * to list all spells.
Aiming: Confuse
Press: ? - help, Shift-Dir - straight line, f - deep troll earth mage, p - deep troll earth mage
Aim: a deep troll earth mage (umbra, chance to defeat MR: 67%)
The deep troll earth mage struggles to resist.
Your shadow mimicks your spell!
The deep troll earth mage easily resists.
The deep troll earth mage casts a spell at you.
The door shatters!
The blast of rock fragments hits you! The deep troll earth mage bites you!!
* * * LOW HITPOINT WARNING * * *
You emit a cloud of dark smoke.
The deep troll earth mage claws you!!
You die...

####### #
#########.....# ##
##............†# .#
#..'########§§§#.#
.###..#........#@T.#
......#.'####+.#TT##
###.#.#.#....# #T?#
....#.#.#.##.# #..#
###.#.#.#.##.# #..#
......#.#....# #...
###.#.#.'####+.#..#
..#.#.#........#...
#(#.#.'########+


You could see 3 deep troll earth magi and a deep troll shaman.

Vanquished Creatures
  Roxanne (D:14)
  2 fire giants
  A stone giant (Depths:1)
  Snorg (D:10)
  2 fire dragons (Depths:1)
  7 hydras
  2 rakshasas (D:15)
  4 vault guards (D:14)
  A merfolk avatar (Lair:6)
  2 centaur warriors (D:14)
  A catoblepas (D:14)
  Erica (D:8)
  11 two-headed ogres
  5 tengu warriors
  A deep troll shaman (Depths:1)
  4 death yaks
  2 dancing weapons (Elf:1)
  An ogre mage (D:14)
  6 orc high priests
  Urug (D:10)
  A shock serpent (shapeshifter) (D:15)
  2 glowing orange brains
  2 sea snakes (Lair:6)
  5 unseen horrors
  A wizard (D:14)
  A deep elf archer (D:14)
  Pikel (D:6)
  8 orc knights
  A lindwurm (shapeshifter) (D:15)
  A wolf spider zombie (D:14)
  2 harpies (Lair:6)
  2 oklob plants (Lair:1)
  An orc sorcerer (D:14)
  8 ugly things
  A salamander (Depths:1)
  6 cyclopes
  3 deep elf magi (Elf:1)
  A manticore (shapeshifter) (D:15)
  2 manticores
  2 centaur zombies
  19 elephants
  7 black mambas
  3 torpor snails
  11 spiny frogs
  A gargoyle (D:15)
  4 centaur skeletons
  6 rime drakes
  An efreet (D:13)
  10 komodo dragons
  A yaktaur (Depths:1)
  2 tengu conjurers
  2 hornets (Lair:6)
  4 polar bears
  A jumping spider (shapeshifter) (D:14)
  4 trolls
  14 slime creatures
  12 hippogriffs
  20 blink frogs
  A dream sheep (shapeshifter) (D:14)
  A spriggan (D:11)
  A human (D:14)
  2 wraiths
  3 shadows
  5 wyverns
  47 yaks
  4 hungry ghosts
  4 basilisks
  7 vampire mosquitoes
  3 wargs
  A naga (shapeshifter) (D:15)
  2 acid dragons
  9 porcupines
  Duvessa (D:6)
  11 water moccasins
  41 orc warriors
  3 slaves (D:6)
  A necrophage (D:10)
  5 ice beasts
  5 sky beasts
  2 eyes of draining
  4 black bears
  16 wolves
  12 centaurs
  15 ogres
  13 crocodiles
  4 big kobolds
  17 bullfrogs
  2 gnoll sergeants
  Dowan (D:6)
  6 scorpions
  5 killer bees (D:7)
  7 wights
  6 howler monkeys
  3 electric eels (Lair:1)
  8 crimson imps
  2 quasits
  10 hounds
  18 jellies
  A bullfrog zombie (D:9)
  33 orc priests
  3 bullfrog skeletons
  7 iguanas
  23 orc wizards
  13 worker ants
  A howler monkey zombie (D:10)
  16 adders
  12 gnolls
  4 shadow imps
  4 oozes
  2 worms
  An adder skeleton (D:8)
  4 leopard geckos
  121 orcs
  4 giant cockroaches
  10 goblins
  9 hobgoblins
  4 jackals
  8 quokkas
  4 ball pythons
  6 bats
  6 frilled lizards
  A jackal skeleton (D:4)
  26 kobolds
  A leopard gecko zombie (D:5)
  A quokka skeleton (D:7)
  A quokka zombie (D:9)
  6 rats
  A butterfly (Lair:3)
  A plant (Lair:6)
871 creatures vanquished.

Vanquished Creatures (collateral kills)
  5 orc warriors
  3 orc priests (Orc:2)
  3 gnolls (D:6)
  3 orcs
14 creatures vanquished.

Vanquished Creatures (others)
  3 dancing weapons
  17 fungi
  16 plants
36 creatures vanquished.

Grand Total: 921 creatures vanquished

Notes
Turn   | Place    | Note
-------+----------+-------------------------------------------
     0 | D:1      | Helio the Spriggan Enchanter began the quest for the Orb.
     0 | D:1      | Reached XP level 1. HP: 9/9 MP: 5/5
   590 | D:2      | Reached XP level 2. HP: 7/13 MP: 7/7
   594 | D:2      | Learned a level 2 spell: Ensorcelled Hibernation
  1595 | D:2      | Reached XP level 3. HP: 16/16 MP: 6/9
  1600 | D:2      | Learned a level 3 spell: Confuse
  1604 | D:2      | Learned a level 3 spell: Tukima's Dance
  2446 | D:2      | Reached XP level 4. HP: 21/21 MP: 11/11
  2700 | D:3      | Reached skill level 5 in Hexes
  2763 | D:3      | Found an opulent altar of Gozag.
  2901 | D:3      | Learned a level 3 spell: Dazzling Spray
  3065 | D:3      | Reached skill level 5 in Spellcasting
  3065 | D:3      | Reached XP level 5. HP: 24/24 MP: 6/13
  3574 | D:4      | Reached XP level 6. HP: 28/28 MP: 12/15
  4676 | D:4      | Reached skill level 5 in Stealth
  4755 | D:4      | Reached skill level 6 in Stealth
  5095 | D:5      | Entered Level 5 of the Dungeon
  5297 | D:5      | Reached skill level 7 in Stealth
  5297 | D:5      | Reached XP level 7. HP: 28/32 MP: 1/17
  5412 | D:5      | Found an iron altar of Okawaru.
  5830 | D:5      | Reached skill level 8 in Stealth
  5949 | D:5      | Reached skill level 9 in Stealth
  6242 | D:5      | Reached skill level 10 in Stealth
  6518 | D:5      | Reached skill level 11 in Stealth
  6518 | D:5      | Reached XP level 8. HP: 33/36 MP: 12/18
  7143 | D:6      | Noticed Dowan
  7146 | D:6      | Noticed Duvessa
  7172 | D:6      | Killed Duvessa
  7172 | D:6      | Reached skill level 12 in Stealth
  7174 | D:6      | Killed Dowan
  7585 | D:6      | Noticed Pikel
  7588 | D:6      | Reached skill level 13 in Stealth
  8087 | D:6      | Killed Pikel
  8087 | D:6      | Reached skill level 14 in Stealth
  8174 | D:6      | Reached XP level 9. HP: 32/39 MP: 16/19
  8228 | D:6      | Reached skill level 15 in Stealth
  8233 | D:6      | Found a glowing golden altar of the Shining One.
  8454 | D:6      | Found a staircase to the Ecumenical Temple.
  8461 | Temple   | Entered the Ecumenical Temple
  8485 | Temple   | Became a worshipper of Dithmenos the Shadowed
  9488 | D:7      | Reached skill level 16 in Stealth
 10053 | D:7      | Found an ancient bone altar of Kikubaaqudgha.
 10086 | D:7      | Reached skill level 1 in Fighting
 10088 | D:7      | Identified the Disquisition on Combat Magic and Lightness
 10099 | D:7      | Found a white marble altar of Elyvilon.
 10381 | D:8      | Noticed a two-headed ogre
 10386 | D:8      | Killed a two-headed ogre
 10439 | D:8      | Reached skill level 5 in Dodging
 10439 | D:8      | Reached XP level 10. HP: 46/46 MP: 21/21
 10550 | D:8      | Reached * piety under Dithmenos
 11506 | D:8      | Noticed Erica
 11517 | D:8      | Killed Erica
 11947 | D:9      | Found a staircase to the Lair.
 12314 | D:9      | Reached skill level 17 in Stealth
 12592 | D:9      | Found a shattered altar of Ashenzari.
 12907 | D:9      | Reached ** piety under Dithmenos
 13084 | D:10     | Entered Level 10 of the Dungeon
 13417 | D:10     | Noticed Snorg
 13505 | D:10     | Killed Snorg
 13505 | D:10     | Reached skill level 5 in Short Blades
 13505 | D:10     | Reached XP level 11. HP: 41/53 MP: 17/24
 13789 | D:10     | Noticed a two-headed ogre
 13802 | D:10     | Killed a two-headed ogre
 14044 | D:10     | Noticed Urug
 14046 | D:10     | Killed Urug
 14383 | D:11     | Identified a scroll of acquirement
 14464 | D:11     | Reached *** piety under Dithmenos
 14624 | D:11     | Noticed a red ugly thing
 14658 | D:11     | Killed a red ugly thing
 14891 | D:11     | Noticed a seven-headed hydra
 14910 | D:11     | Killed a seven-headed hydra
 15035 | D:11     | Found a staircase to the Orcish Mines.
 15317 | D:11     | Noticed an unseen horror
 15331 | D:11     | Killed an unseen horror
 15341 | D:11     | Reached skill level 5 in Fighting
 15647 | D:12     | Reached skill level 18 in Stealth
 15658 | D:12     | Reached skill level 10 in Hexes
 15658 | D:12     | Reached XP level 12. HP: 60/60 MP: 26/26
 15672 | D:12     | Reached **** piety under Dithmenos
 15986 | D:12     | Reached skill level 10 in Dodging
 16100 | D:12     | Found Iketips's Gadget Shoppe.
 16888 | D:12     | Reached ***** piety under Dithmenos
 17001 | D:12     | Reached skill level 10 in Spellcasting
 17058 | D:13     | Noticed an eight-headed hydra
 17066 | D:13     | Killed an eight-headed hydra
 17215 | D:13     | Found an iron altar of Okawaru.
 17297 | D:13     | Found Deerr's Antique Armour Shoppe.
 17616 | D:13     | Noticed a two-headed ogre
 17632 | D:13     | Killed a two-headed ogre
 17960 | D:14     | Noticed a catoblepas
 17965 | D:14     | Killed a catoblepas
 17967 | D:14     | Noticed a centaur warrior
 17972 | D:14     | Noticed a two-headed ogre
 17976 | D:14     | Killed a centaur warrior
 17987 | D:14     | Killed a two-headed ogre
 17998 | D:14     | Reached XP level 13. HP: 61/65 MP: 25/28
 18162 | D:14     | Reached skill level 19 in Stealth
 18214 | D:14     | Noticed Roxanne
 18255 | D:14     | Killed Roxanne
 18256 | D:14     | Identified Roxanne's Catalogue of Moulding (You took it off Roxanne on level 14 of the Dungeon)
 18309 | D:14     | Noticed a fire giant
 18347 | D:14     | HP: 1/66 [fire giant/fireball (45)]
 18819 | D:14     | Found a sacrificial altar of Ru.
 19400 | D:14     | Found a gate to the Vaults.
 20260 | D:14     | Killed a fire giant
 20260 | D:14     | Reached XP level 14. HP: 67/72 MP: 30/30
 20513 | Lair:1   | Entered Level 1 of the Lair of Beasts
 21461 | Lair:1   | Found the amulet of the Four Winds {rN+ MR+++ Clar}
 22514 | Lair:2   | Reached skill level 10 in Short Blades
 22533 | Lair:2   | HP: 3/72 [death yak[a torpor snail] (25)]
 23202 | Lair:2   | Reached ****** piety under Dithmenos
 23216 | Lair:2   | Learned a level 2 spell: Passwall
 23672 | Lair:2   | Reached skill level 20 in Stealth
 26312 | Lair:3   | Found a staircase to the Snake Pit.
 26839 | Lair:4   | Found a staircase to the Swamp.
 28248 | Lair:6   | Entered Level 6 of the Lair of Beasts
 28541 | Lair:6   | Found a staircase to the Slime Pits.
 28735 | Lair:6   | Reached XP level 15. HP: 78/78 MP: 28/32
 30167 | Lair:6   | Paralysed by a hornet for 2 turns
 31477 | Orc:1    | Entered Level 1 of the Orcish Mines
 32050 | Orc:1    | Found a roughly hewn altar of Beogh.
 32707 | Orc:2    | Entered Level 2 of the Orcish Mines
 32707 | Orc:2    | Found a staircase to the Elven Halls.
 32755 | Orc:2    | Found Qutuuna's Food Shoppe.
 33026 | Orc:2    | Found a roughly hewn altar of Beogh.
 33754 | Orc:2    | Reached skill level 21 in Stealth
 34224 | Orc:2    | Found Gumeomod's Food Emporium.
 34224 | Orc:2    | Found Miagerov's General Store.
 34225 | Orc:2    | Found Nyosolar's Antique Armour Shoppe.
 34225 | Orc:2    | Found Dacia's Assorted Antiques.
 34245 | Orc:2    | Bought a sedimented ruby potion for 23 gold pieces
 34246 | Orc:2    | Bought 2 potions of agility for 208 gold pieces
 34246 | Orc:2    | Bought a potion of heal wounds for 130 gold pieces
 34246 | Orc:2    | Bought a potion of curing for 78 gold pieces
 34248 | Orc:2    | Bought a scroll of identify for 28 gold pieces
 34248 | Orc:2    | Bought 2 scrolls of teleportation for 84 gold pieces
 34248 | Orc:2    | Bought a potion of might for 56 gold pieces
 34308 | Elf:1    | Entered Level 1 of the Elven Halls
 34692 | D:15     | Entered Level 15 of the Dungeon
 35325 | D:15     | Found a staircase to the Depths.
 35553 | D:15     | Reached XP level 16. HP: 69/84 MP: 23/34
 36069 | D:15     | Reached skill level 15 in Dodging
 36209 | Depths:1 | Entered Level 1 of the Depths
 36510 | Depths:1 | Found a one-way gate leading to the halls of Pandemonium.
 37071 | Depths:1 | Found a gateway to Hell.
 37160 | Depths:1 | Slain by a deep troll earth mage

Vault maps used:
D:1:      nicolae_arrival_somewhat_less_tricky_arrival
D:2:      minmay_wonky_spiral
D:3:      grunt_gozag_statues, first_bread
D:5:      kennysheep_okawaru_gauntlet, minmay_misc_feat_x
D:6:      old_standard_altar, minmay_temple_entry_butterflies, uniq_duvessa,
          uniq_pikel
D:7:      kennysheep_mini, kiku_gazebo_garden_becter
D:8:      uniq_erica
D:9:      kennysheep_six_static_rooms, kennysheep_little_box,
          david_lair_shrubbed
D:10:     uniq_snorg, uniq_urug
D:11:     orc_0_dummy, the_bakery, dk_noncrumbling_4
D:12:     serial_shops, shop
D:13:     basic_altar, serial_shops, kennysheep_mini_moat
D:14:     cheibrodos_monumental, grunt_vaults_entry_fortified,
          hangedman_ru_absence, uniq_roxanne
D:15:     gammafunk_enter_depths_forms, minmay_door_square
Temple:   compressed_dpeg_circular_temple
Lair:1:   dpeg_oklob_gauntlet, serial_bayou_pond_e, minivault_23,
          serial_bayou_lake_a
Lair:2:   grunt_megastairs_4
Lair:3:   dummy_snake_entry, lemuel_fruit_fields
Lair:4:   swamp_mist_pool
Lair:5:   infiniplex_staircase_pool_2
Lair:6:   gammafunk_lair_ancient_temple, minmay_slime_entry_jelly_boxes
Orc:1:    cheibrodos_orc_bank, bh_open_orc_temple
Orc:2:    st_orc_pillars, serial_shops, nicolae_shop_trees, basic_altar
Elf:1:    minivault_28
Depths:1: hangedman_geh_valley, pan_entry, nicolae_lava_and_water,
          wad_floor_pattern_untrapped, minivault_11, grunt_tough_drop

Skill      XL: |  1  2  3  4  5  6  7  8  9 10 11 12 13 14 15 16 |
---------------+-------------------------------------------------+-----
Spellcasting   | 3 4 5 6 7 8 9 10 11 12 13 14 | 14.1
Hexes          | 4 5 6 7 8 10 11 12 13 14 | 14.4
Stealth        | 7 11 14 16 17 18 19 20 21 | 21.5
Fighting       | 2 3 5 6 7 8 9 |  9.7
Short Blades   | 3 5 6 8 9 11 12 | 12.4
Dodging        | 5 7 9 11 12 13 14 15 | 15.1

Action                   |  1- 3 |  4- 6 |  7- 9 | 10-12 | 13-15 | 16-18 || total
-------------------------+-------+-------+-------+-------+-------+-------++-------
Melee: Dagger            |    74 |   103 |   238 |   528 |  1147 |     6 ||  2096
       Quick blade       |       |       |       |       |       |   109 ||   109
 Cast: Corona            |     8 |       |       |       |       |       ||     8
       Ensorcelled Hiber |    23 |    61 |    34 |    64 |   230 |     4 ||   416
       Confuse           |       |     9 |    47 |    56 |   114 |    28 ||   254
       Tukima's Dance    |       |       |     5 |     3 |    11 |       ||    19
       Dazzling Spray    |       |       |     3 |    15 |    46 |       ||    64
Invok: Shadow Step       |       |       |       |       |     3 |     2 ||     5
Evoke: Wand              |       |       |     1 |       |     1 |       ||     2
  Use: Scroll            |     9 |     7 |     6 |     6 |    12 |     2 ||    42
       Potion            |       |       |       |     1 |     5 |     3 ||     9
 Stab: Sleeping          |    32 |    35 |    42 |   104 |   244 |    10 ||   467
       Confused          |       |     5 |    21 |    45 |    74 |    21 ||   166
       Distracted        |       |       |     1 |     2 |     6 |     1 ||    10
       Invisible         |       |       |       |     8 |    50 |       ||    58
  Eat: Fruit             |       |     4 |     5 |     5 |    13 |       ||    27
       Royal jelly       |       |       |     2 |     1 |     2 |       ||     5
Armor: Robe              |     9 |    12 |    21 |    20 |    23 |     1 ||    86
Dodge: Dodged            |    35 |    69 |   152 |   412 |   787 |    56 ||  1511
